 Dungeon Crawl Stone Soup version 0.31-a0-986-g5e6e4ef867 (webtiles) character file.

Game seed: 15184331136444242962

11403 timneilson the Grappler (level 11, -13/75 HPs)
             Began as an Octopode Shapeshifter on Nov 12, 2023.
             Was an Initiate of Gozag.
             Mangled by Snorg (14 damage)
             ... on level 10 of the Dungeon.
             The game lasted 00:23:07 (8814 turns).

timneilson the Grappler (Octopode Shapeshifter)     Turns: 8814, Time: 00:23:08

Health: -13/75     AC:  9    Str: 18    XL:     11   Next: 77%
Magic:  21/21      EV: 14    Int: 19    God:    Gozag
Gold:   1306       SH:  9    Dex: 11    Spells: 23/23 levels left

rFire   . .          .
                       - Unarmed
rCold   . . .        o - +0 kite shield
rNeg    . . .        (helmet currently unavailable)
rPois   .            s - amulet of regeneration
rElec   .            j - +6 ring of intelligence
rCorr   .            k - +4 ring of protection
SInv    .            i - +4 ring of protection
Will    .....        (no ring)
Stlth   +++++        (no ring)
HPRegen 1.12/turn    (no ring)
MPRegen 0.17/turn    (no ring)
                     (no ring)

%: no passive effects
@: beast-form, hasted, studying Spellcasting, very quick
A: beast (slay +4), almost no armour, amphibious, 8 rings, camouflage 1,
gelatinous body 1, (nimble swimmer 1), tentacles
a: Begin Untransformation, Renounce Religion, Potion Petition, Call Merchant,
Bribe Branch


You were on level 10 of the Dungeon.
You worshipped Gozag.
Gozag was most pleased with you.
You were a hulking beast.
You visited 2 branches of the dungeon, and saw 11 of its levels.
You also visited: Ossuary.

You collected 1437 gold pieces.
You paid 131 gold pieces to Gozag.

Inventory:

Missiles
 d - 2 throwing nets
Armour
 o - a +0 kite shield (worn)
Jewellery
 f - an amulet of the acrobat
 i - a +4 ring of protection (on tentacle)
 j - a +6 ring of intelligence (left tentacle)
 k - a +4 ring of protection (right tentacle)
 s - an amulet of regeneration (around mantle)
 t - a ring of magical power
Talismans
 b - a beast talisman
 c - a flux talisman
 E - a serpent talisman
 F - a maw talisman
Wands
 p - a wand of light (10)
 r - a wand of flame (18)
 y - a wand of polymorph (8)
 A - a wand of mindburst (17)
Scrolls
 h - 5 scrolls of noise
 n - a scroll of silence
 q - a scroll of enchant weapon
 u - a scroll of amnesia
 v - 2 scrolls of vulnerability
 w - 2 scrolls of poison
 B - a scroll of identify
Potions
 a - 2 potions of lignification
 e - a potion of mutation
 g - a potion of berserk rage
 l - a potion of enlightenment
 m - 3 potions of invisibility
 z - 3 potions of magic
 C - a potion of attraction
 D - a potion of might {unknown}


   Skills:
 * Level 7.5 Fighting
 * Level 7.7 Dodging
 + Level 7.8 Stealth
 + Level 5.1 Shields
 * Level 8.1 Unarmed Combat
 + Level 6.8 Spellcasting
 + Level 5.6 Evocations
 * Level 7.4 Shapeshifting


You had 23 spell levels left.
You didn't know any spells.
Your spell library contained the following spells:

 Spells                   Type           Power      Damage    Failure   Level
 Blink                    Tloc           12%        N/A       36%         2
 Lesser Beckoning         Tloc           12%        N/A       36%         2
 Momentum Strike          Conj/Tloc      12%        3d8       36%         2
 Ignite Poison            Fire/Tmut/Pois 6%         N/A       58%         3
 Sticky Flame             Conj/Fire      6%         2d3       94%         4
 Summon Forest            Summ/Tloc      3%         N/A       100%        5
 Eringya's Noxious Bog    Tmut/Pois      3%         4d6       100%        6
 Summon Hydra             Summ           3%         N/A       100%        7
 Ignition                 Fire           3%         3d4       100%        8


Dungeon Overview and Level Annotations

Branches:
Dungeon (10/15)            Temple (1/1) D:7            Lair (0/5) D:10
Ossuary (visited)
    Orc: D:9-12

Altars:
Ashenzari
Cheibriados
Dithmenos
Elyvilon
Fedhas
Gozag
Hepliaklqana
Kikubaaqudgha
Makhleb
Nemelex Xobeh
Okawaru
Qazlal
Ru
Sif Muna
Trog
Uskayaw
Vehumet
Wu Jian
Xom
Yredelemnul
Zin
The Shining One

Annotations:
D:8 Psyche
D:10 Snorg


Innate Abilities, Weirdness & Mutations

You are a hulking beast.
Your limbs bulge with bestial killing power. (Slay +4)
You cannot wear most types of armour.
You are amphibious.
You can wear up to eight rings at the same time.
Your skin changes colour to match your surroundings (Stealth+).
Your rubbery body absorbs attacks. (AC +1, EV +1)
((You are camouflaged when in or above water. (Stealth+)))
You have tentacles for arms and can constrict up to eight enemies at once.


Message History

You batter Snorg!!
Snorg is lightly wounded.
Snorg barely misses you. Snorg closely misses you. Snorg claws you.
You tentacle-slap Snorg.
Snorg is moderately wounded.
The kobold is no longer distracted by gold.
You block Snorg's attack. x2; Snorg claws you!
You barely miss Snorg. You squeeze Snorg!
Snorg is moderately wounded.
Snorg closely misses you. Snorg claws you but does no damage. Snorg claws you!
You bludgeon Snorg! Your squeeze misses Snorg.
Snorg is heavily wounded.
Snorg bites you. Snorg claws you!
* * * LOW HITPOINT WARNING * * *
You block Snorg's attack.
You bludgeon Snorg!
Snorg is heavily wounded.
Snorg bites you.
* * * LOW HITPOINT WARNING * * *
Snorg closely misses you. You block Snorg's attack.
You bludgeon Snorg!
Snorg is severely wounded.
Snorg remarks, "Ah, I could eat a centaur!"
Snorg closely misses you. x2; Snorg claws you.
* * * LOW HITPOINT WARNING * * *
You closely miss Snorg.
Snorg is severely wounded.
Snorg bites you.
* * * LOW HITPOINT WARNING * * *
Snorg closely misses you. Snorg claws you.
* * * LOW HITPOINT WARNING * * *
You feel yourself speed up.
Snorg goes berserk!
Snorg rages.
Snorg attacks as she pursues you! Snorg bites you!
* * * LOW HITPOINT WARNING * * *
Snorg claws you.
* * * LOW HITPOINT WARNING * * *
Snorg claws you!
You die...
Your body crumbles into a pile of gold.

...#######.#
#..##...##.#######
.................#
#..#....##.#####.#
#.......##.# #.#
#..........# #.#
#.###.###### #.#
..# #.# #.# .##
#.# #h# ..# #+#
#T# ... #$# ...
#K..# ... .##...#
... .. #.## ##.
... .# ... ##.. .
>.. #.. .


You could see Snorg (berserk) and a kobold.

Vanquished Creatures
  A centaur warrior (D:10)
  3 two-headed ogres
  2 death yaks (D:10)
  Pikel (D:7)
  A komodo dragon (D:10)
  A troll (D:9)
  Sigmund (D:6)
  A wraith (D:8)
  2 wyverns
  13 yaks
  Eustachio (D:5)
  Grum (D:10)
  A steam dragon (D:9)
  Edmund (D:6)
  2 water moccasins
  Menkaure (D:7)
  Duvessa (D:5)
  A sky beast (D:7)
  An ice beast (D:7)
  An orc warrior (D:7)
  A black bear (D:6)
  2 centaurs (D:8)
  3 wolves (D:10)
  An ogre (D:3)
  2 lemures (D:7)
  4 kobold brigands
  2 phantoms (D:5)
  4 elf zombies (Ossuary)
  4 bullfrogs
  2 scorpions
  5 wights
  Dowan (D:5)
  4 killer bees (D:9)
  3 howler monkeys
  A quasit (D:4)
  2 centaur zombies (Ossuary)
  3 jellies
  3 hounds
  A human zombie (Ossuary)
  4 orc priests
  4 iguanas
  4 sleepcaps
  4 orc wizards
  2 hell rats (D:10)
  2 mummies (Ossuary)
  4 gnolls (D:5)
  4 adders
  3 river rats (D:10)
  2 shadow imps
  6 white imps
  4 ufetubi (D:5)
  2 worms
  3 dart slugs
  11 orcs
  8 ball pythons
  4 endoplasms
  6 goblins
  8 hobgoblins
  2 jackals (D:3)
  A quokka (D:2)
  2 bats (D:3)
  3 frilled lizards
  A goblin zombie (D:6)
  7 hobgoblin zombies (Ossuary)
  2 jackal zombies (Ossuary)
  23 kobolds
  11 kobold zombies (Ossuary)
  9 orc zombies (Ossuary)
  A quokka zombie (D:6)
  8 rats
  A rat zombie (Ossuary)
241 creatures vanquished.

Notes
Turn   | Place    | Note
-------+----------+-------------------------------------------
     0 | D:1      | timneilson the Octopode Shapeshifter began the quest for
                  | the Orb.
     0 | D:1      | Reached XP level 1. HP: 13/13 MP: 1/1
    52 | D:1      | Found a faded altar of an unknown god.
    99 | D:1      | Reached XP level 2. HP: 14/18 MP: 2/2
   703 | D:2      | Reached XP level 3. HP: 14/23 MP: 3/3
  1006 | D:2      | Reached skill level 1 in Stealth
  1217 | D:3      | Reached XP level 4. HP: 26/29 MP: 4/4
  1254 | D:3      | Reached skill level 1 in Spellcasting
  1254 | D:3      | Reached XP level 5. HP: 21/34 MP: 6/6
  1724 | D:3      | Noticed an ogre
  1728 | D:3      | Killed an ogre
  1731 | D:3      | Identified a scroll of acquirement
  1731 | D:3      | Acquired a manual of Spellcasting
  2017 | D:4      | Reached XP level 6. HP: 41/41 MP: 7/7
  2022 | D:4      | Reached skill level 4 in Unarmed Combat
  2601 | D:5      | Entered Level 5 of the Dungeon
  2615 | D:5      | Noticed Duvessa
  2637 | D:5      | Reached skill level 1 in Evocations
  2717 | D:5      | Noticed Eustachio
  2732 | D:5      | Reached skill level 1 in Shields
  2767 | D:5      | Noticed Dowan
  2777 | D:5      | Killed Duvessa
  2778 | D:5      | Reached XP level 7. HP: 39/46 MP: 8/10
  2780 | D:5      | Killed Dowan
  3071 | D:5      | Killed Eustachio
  3213 | D:5      | Reached XP level 8. HP: 44/53 MP: 11/11
  3366 | D:5      | Found a shadowy altar of Dithmenos.
  3482 | D:5      | Found a sacrificial altar of Ru.
  3809 | D:6      | Reached skill level 5 in Unarmed Combat
  3819 | D:6      | Noticed Edmund
  3857 | D:6      | Killed Edmund
  4202 | D:6      | Found a sand-covered staircase.
  4274 | Ossuary  | Entered an ossuary
  4456 | Ossuary  | Reached skill level 5 in Shapeshifting
  4477 | Ossuary  | Reached XP level 9. HP: 56/59 MP: 14/14
  4528 | Ossuary  | Reached skill level 5 in Dodging
  4700 | D:6      | Noticed Sigmund
  4703 | D:6      | Killed Sigmund
  4704 | D:6      | Reached skill level 5 in Stealth
  4991 | D:7      | Found a staircase to the Ecumenical Temple.
  4996 | D:7      | Reached skill level 5 in Fighting
  5009 | D:7      | Noticed Menkaure
  5013 | Temple   | Entered the Ecumenical Temple
  5027 | Temple   | Became a worshipper of Gozag Ym Sagoz the Greedy
  5192 | D:7      | Killed Menkaure
  5193 | D:7      | Reached skill level 6 in Unarmed Combat
  5969 | D:7      | Noticed Pikel
  5986 | D:7      | Killed Pikel
  5987 | D:7      | Reached skill level 5 in Spellcasting
  5987 | D:7      | Reached XP level 10. HP: 51/68 MP: 17/17
  6645 | D:8      | Noticed a two-headed ogre
  6842 | D:8      | Killed a two-headed ogre
  7050 | D:8      | Noticed Psyche
  7423 | D:9      | Reached skill level 7 in Unarmed Combat
  7693 | D:10     | Entered Level 10 of the Dungeon
  7731 | D:10     | Reached XP level 11. HP: 62/74 MP: 19/19
  7790 | D:10     | Reached skill level 5 in Evocations
  7875 | D:10     | Noticed a two-headed ogre
  7880 | D:10     | Killed a two-headed ogre
  7897 | D:10     | Found a bloodstained altar of Trog.
  8014 | D:10     | Noticed a two-headed ogre
  8051 | D:10     | Killed a two-headed ogre
  8231 | D:10     | Noticed a death yak
  8332 | D:10     | Noticed a centaur warrior
  8333 | D:10     | Found a white marble altar of Elyvilon.
  8343 | D:10     | Killed a centaur warrior
  8431 | D:10     | Noticed Grum
  8444 | D:10     | Killed Grum
  8445 | D:10     | Reached skill level 5 in Shields
  8540 | D:10     | Found a staircase to the Lair.
  8555 | D:10     | Noticed a death yak
  8570 | D:10     | Noticed a death yak
  8583 | D:10     | Killed a death yak
  8584 | D:10     | Reached skill level 8 in Unarmed Combat
  8601 | D:10     | HP: 3/75 [death yak (14)]
  8611 | D:10     | Killed a death yak
  8793 | D:10     | Noticed Snorg
  8814 | D:10     | HP: 3/75 [Snorg (8)]
  8814 | D:10     | HP: 1/75 [Snorg (2)]
  8814 | D:10     | Mangled by Snorg

Illustrated notes

Levels and vault maps discovered:
D:1:      ncdulo_halloftheorcs, layout_basic,
          hellmonk_ecumenical_altar_arch_garden, minmay_misc_feat_rows,
          corexii_corridor_pit, bh_walls_and_bars
D:2:      layout_rooms
D:3:      layout_rooms, serial_bayou_pond_d, serial_bayou_pond_a,
          chequers_serial_rivers_large_b
D:4:      layout_basic, serial_demonic, serial_demonic_b, serial_demonic_d,
          serial_demonic_g, serial_demonic_f, minmay_misc_feat_doors,
          serial_park_tiny_1
D:5:      layout_basic, nicolae_overflow_crystal_walls, general_overflow_altar,
          kennysheep_generic_room_4, uniq_duvessa, uniq_eustachio
D:6:      layout_basic, enter_ossuary_4, uniq_sigmund, uniq_edmund
D:7:      layout_layer_cave, minmay_temple_entry_trees, nicolae_benzene_ring,
          moated_statue, minmay_bent, uniq_pikel, uniq_menkaure
D:8:      layout_basic, uniq_psyche
D:9:      layout_roguey, due_unseen_surprise
D:10:     layout_loops_corners, dpeg_lair_monsters, hangedman_feature_mirror,
          nrook_loot_triangle, uniq_grum, uniq_snorg
Temple:   nicolae_temple_slightly_damp_pantheon

Skill      XL: |  1  2  3  4  5  6  7  8  9 10 11 |
---------------+----------------------------------+-----
Stealth        | 1 2 3 4 6 7 |  7.8
Fighting       | 2 3 4 5 6 7 |  7.5
Spellcasting   | 1 2 3 5 6 |  6.8
Dodging        | 3 4 6 7 |  7.7
Unarmed Combat | 4 5 6 7 8 |  8.1
Evocations     | 1 2 4 5 |  5.6
Shields        | 1 2 3 4 5 |  5.1
Shapeshifting  | 4 5 6 7 |  7.4

Action                     |  1- 3 |  4- 6 |  7- 9 | 10-12 || total
---------------------------+-------+-------+-------+-------++-------
  Melee: Unarmed           |    71 |    70 |   256 |   274 ||   671
         Constrict         |    19 |    13 |    62 |    28 ||   122
         Tentacles         |    13 |    15 |    80 |    92 ||   200
         Punch             |     3 |     2 |    15 |    20 ||    40
  Evoke: Wand              |       |     5 |       |     6 ||    11
    Use: Scroll            |     4 |     9 |     3 |     5 ||    21
         Potion            |       |       |       |     5 ||     5
   Stab: Sleeping          |     8 |     6 |    15 |     2 ||    31
         Invisible         |       |     2 |     1 |       ||     3
         Distracted        |       |       |       |     1 ||     1
 Armour: Skin              |    25 |    34 |    86 |   147 ||   292
  Dodge: Dodged            |    46 |    36 |   117 |   121 ||   320
  Block: Kite shield       |       |       |    86 |    88 ||   174

Table legend: (Time is in decaauts)
 A = Elapsed time spent in this place.
 B = Non-inter-level travel time spent in this place.
 C = Inter-level travel time spent in this place.
 D = Time resting spent in this place.
 E = Time spent auto-exploring this place.
 F = Levels seen in this place.
 G = Mean time per level.
                   A        B        C        D        E       F      G
               +--------+--------+--------+--------+--------+-----+--------+
         Total |   8828 |   8446 |    382 |    786 |   4847 |  12 |  735.7 |
       Dungeon |   8338 |   7969 |    369 |    627 |   4769 |  10 |  833.8 |
        Temple |    170 |    157 |     13 |    131 |      0 |   1 |  170.0 |
       Ossuary |    319 |    319 |      0 |     28 |     78 |   1 |  319.0 |
               +--------+--------+--------+--------+--------+-----+--------+

Top non-repeatable levels by time:
     D:7: 1377 daAuts
     D:5: 1171 daAuts
    D:10: 1015 daAuts
     D:6: 807 daAuts
     D:4: 757 daAuts
     D:8: 737 daAuts
     D:3: 733 daAuts
     D:1: 682 daAuts
     D:9: 613 daAuts
     D:2: 442 daAuts
 Ossuary: 319 daAuts
  Temple: 170 daAuts
